Zazza, neutral female human Tourist ---- ----- ---- --..-- |...| |..---- |....| --- |...| ----- |...|.--- --...-- ---.--- |.|.|--...-- ---.....| |....| |.....-- |.|.--.....---- ---- --.....| |--..| |......| |.|.........|.-- ---..| |......| |....| |.|....| --- |.|.|..........| |....| ---.|...-- ---.--.| |.|...-------.----- --|...|..........-- |.|.-- ---- |...|--.--- |...||.| |.|.|...--.....|..|--.--..|....-......| |.|-- --..---.--- |.@.| ---.---|.| ---...|--...........||.................-- |.-- --.......| ---G--- |...| |.| |...|.||......>|..---|.................| |..|--...-...-- --...|--.--- |.|--.--|.--..|..------ --................| |..||......--- --.-..|...| |.|...| |....-|...| -----............| |..--.|.---- |.......----- |.|.--- |....|---.------ |............| |.....|.| |....%..--..| |.|<| |....| |...|..| ---.-..........| |...--|.|---- ----...%....| |...| --....| ---....------...........---- --...| |.--..| |.......-- ---.-- |.....-- |.................---.--- |...-| |.....| |-.*....| |..--|-.....-- ------------.....-- |...--- |....| ---..-- |.......| |...||.......| ----..| ---...| ---.-- |..| --.--.--- --.----.|.|..| |..| |...| --- ---- ------ --- -------- ---- ----- Zazza the Rambler Experience level: 1 Strength: 25 Dexterity: 12 Constitution: 13 Intelligence: 14 Wisdom: 9 Charisma: 18 Health: 0(10) Energy: 2(2) Def: 1 Gold: 550 Moves: 868 Dungeon seed: Ufqv2nGwM4rEKnLk Game ID: Zazza_1619465753 Your Inventory: Coins $ - 550 gold pieces Weapons a - 37 blessed +2 darts (in quiver) C - a +0 elven dagger (weapon in hand) Armor e - an uncursed +0 Hawaiian shirt (being worn) r - an uncursed +0 pair of low boots D - a blessed greased +0 silver dragon scale mail N - a cursed +0 pair of gauntlets of power (being worn) Comestibles b - 7 uncursed food rations c - 2 uncursed fortune cookies d - an uncursed candy bar f - an uncursed tin of spinach g - 3 uncursed tripe rations h - 2 uncursed eggs s - an uncursed partly eaten lichen corpse t - an uncursed melon w - 2 uncursed lichen corpses A - an uncursed cream pie Scrolls k - a blessed scroll of magic mapping v - a blessed scroll of identify Potions j - an uncursed potion of extra healing x - a blessed potion of gain ability Rings q - an uncursed ring of teleport control (on left hand) Tools m - an expensive camera (0:98) n - an uncursed credit card u - an uncursed blindfold B - 5 uncursed tallow candles (0:200) Gems y - an uncursed worthless piece of yellow glass z - 2 uncursed worthless pieces of orange glass Y - an uncursed worthless piece of black glass Spells and supernatural/magical abilities: Name Level Category Fail Memory W - pray for help -- divine ? -- Your skills at the end: Fighting Skills Weapon Skills dart [Basic] Spellcasting Skills Final Attributes: You were nominally aligned. You had teleport control. You were lucky. You are dead. Vanquished creatures: a hobbit 3 gnomes 3 jackals a fox 2 sewer rats 5 grid bugs 6 lichens 5 newts 26 creatures vanquished. Voluntary challenges: You never hit with a wielded weapon. You read items or engraved 7 times, starting on turn 294. You never genocided any monsters. You never polymorphed an object. You never changed form. You used 1 wish, starting on turn 868. You did not wish for any artifacts. You never split a pudding. You wrote Elbereth's name 2 times, starting on turn 295. You never violated your personal moral code. Dungeon overview: The Dungeons of Doom: levels 1 to 3 Level 1 a long staircase Level 2 a sink Level 3 a fountain stairs to The Gnomish Mines The Gnomish Mines: levels 4 to 5 Level 4 stairs to The Dungeons of Doom Level 5 <- You were here History has recorded: On T:1 you entered the Dungeons of Doom to retrieve the Amulet of Yendor! On T:404 you reached level 2 of The Dungeons of Doom. On T:625 you reached level 3 of The Dungeons of Doom. On T:780 you reached level 1 of The Gnomish Mines. On T:855 you reached level 2 of The Gnomish Mines. On T:868 you wished for "blessed greased +3 silver dragon scale mail". Score breakdown: Gold: 210 ( 7906 points) Experience: 1 level ( 0 points) Exploration: 5 levels ( 10.00%) ( 8571 points) Discoveries: 3 items ( 1.01%) ( 3010 points) Valuables value: (no points given unless you survive) Artifact value: 0 ( 0 points) Variety of kills: 8 monsters ( 2.10%) ( 4347 points) Turncount: 868 turns ( 0 points) Survival: died (score multiplied by 80%) Total score: 19067 Latest messages: You write in the dust with your fingers. Something is written here in the dust. You read: "ElberBth". You see no objects here. You wipe out the message that was written in the dust here. You write in the dust with your fingers. The gnome lord turns to flee! The gnome lord swings his crossbow. The gnome lord hits! In a cloud of smoke, a djinni emerges! The djinni speaks. "I am in your debt. I will grant one wish!" You may wish for an object. D - a greased silver dragon scale mail. The gnome lord swings his crossbow. The gnome lord hits! You die... Final status: Aloha Zazza the Tourist, killed by a gnome lord... You died in The Gnomish Mines on dungeon level 5 with 19067 points, and 550 pieces of gold, after 868 moves. You were level 1 with a maximum of 10 hit points when you died.